AoeStats
← Ken

Oasis

507985152Analyzed
4v4 RM · 12d ago on Sep 20, 2026· 52m 53s· 8 players
Game mode
Random Map
Map size
Large (8 player)
Population
200
Speed
Normal
Resources
Standard
Victory
Conquest
Starting age
Dark Age
Ending age
Imperial Age
RankedLock teamsTeams togetherTeam positionsShared explorationLock speedFull tech treeHidden civsTurbo modeCheats
Victory
Defeat
🇺🇸 Hindustanis · United States
1160
+14
🇺🇸 Huns · United States
1134
+15
🇬🇧 Cumans · United Kingdom
1128
+16
🇨🇳 Mongols · China
1118
+16
🇨🇳 Slavs · China
1262
-21
1114
-15
🇨🇳 Franks · China
1087
-14
🇨🇳 Ethiopians · China
1021
-11
Magnificent Bastard
10:54 Feudal Age
11:24 Double-Bit Axe
16:02 Castle Age
14:44 Stone Mining
15:31 Scale Mail Armor
16:47 Forging
18:37 Horse Collar
23:12 Iron Casting
23:32 Chain Mail Armor
25:50 Arson
26:40 Squires
28:21 Bloodlines
29:59 Scale Barding Armor
30:53 Grand Trunk Road
33:53 Chain Barding Armor
34:46 Wheelbarrow
38:01 Gold Mining
38:49 Stone Shaft Mining
42:13 Imperial Age
40:50 Husbandry
41:57 Gold Shaft Mining
42:20 Heavy Camel Rider
44:10 Blast Furnace
43:54 Fletching
47:32 Bodkin Arrow
50:48 Bracer
mattmcneil9
0:26 Loom
10:12 Feudal Age
12:48 Scale Barding Armor
12:34 Horse Collar
12:42 Double-Bit Axe
21:19 Castle Age
20:55 Bloodlines
20:38 Gold Mining
22:40 Wheelbarrow
22:40 Chain Barding Armor
25:17 Forging
28:27 Iron Casting
33:32 Heavy Plow
39:32 Imperial Age
38:40 Husbandry
39:34 Cavalier
41:08 Plate Barding Armor
42:54 Blast Furnace
45:52 Paladin
48:07 Gold Shaft Mining
53:02 Ballistics
53:49 Chemistry
52:57 Fletching
53:07 Padded Archer Armor
53:27 Bow Saw
52:43 Heavy Cavalry Archer
53:56 Parthian Tactics
1P
10:38 Feudal Age
14:20 Castle Age
12:53 Double-Bit Axe
12:51 Horse Collar
16:09 Bow Saw
21:34 Loom
25:18 Fletching
25:29 Padded Archer Armor
25:35 Gold Mining
26:42 Wheelbarrow
26:54 Bloodlines
26:46 Husbandry
27:24 Bodkin Arrow
28:23 Hand Cart
28:33 Heavy Plow
32:24 Imperial Age
31:02 Thumb Ring
31:16 Leather Archer Armor
32:05 Ballistics
31:30 Light Cavalry
32:25 Forging
32:21 Scale Barding Armor
33:14 Gold Shaft Mining
33:32 Conscription
32:36 Elite Mangudai
33:24 Bracer
34:47 Chemistry
34:00 Masonry
35:54 Parthian Tactics
39:17 Stone Mining
40:39 Coinage
41:34 Iron Casting
41:20 Chain Barding Armor
40:43 Hussar
43:34 Siege Engineers
45:48 Blast Furnace
GoblinMasterUK
5:11 Loom
13:22 Feudal Age
26:10 Forging
26:06 Fletching
30:45 Scale Mail Armor
33:49 Double-Bit Axe
40:18 Padded Archer Armor
打帝国需要戴老花镜
8:36 Loom
14:58 Feudal Age
14:14 Man-at-Arms
19:24 Castle Age
18:13 Forging
20:20 Iron Casting
20:34 Scale Barding Armor
21:44 Horse Collar
22:08 Squires
22:57 Town Watch
37:55 Heavy Plow
39:09 Wheelbarrow
43:42 Imperial Age
41:26 Long Swordsman
42:31 Arson
43:30 Conscription
43:29 Hand Cart
44:11 Two-Handed Swordsman
45:48 Caravan
46:42 Forced Levy
49:01 Blast Furnace
一叶知秋
5:00 Loom
11:04 Feudal Age
16:35 Castle Age
15:11 Bloodlines
15:56 Horse Collar
16:04 Double-Bit Axe
16:38 Forging
17:30 Husbandry
22:31 Scale Barding Armor
24:05 Gold Mining
25:14 Wheelbarrow
29:28 Hand Cart
38:04 Imperial Age
35:37 Squires
35:55 Town Watch
35:46 Pikeman
37:02 Scale Mail Armor
38:08 Halberdier
38:58 Town Patrol
39:35 Conscription
41:28 Druzhina
42:15 Chain Mail Armor
42:36 Iron Casting
43:22 Hoardings
43:43 Capped Ram
44:14 Elite Boyar
46:18 Plate Mail Armor
46:09 Chain Barding Armor
46:50 Blast Furnace
45:41 Fletching
46:17 Heavy Plow
47:11 Bow Saw
48:01 Man-at-Arms
高老头子
7:34 Loom
10:31 Feudal Age
17:16 Fletching
18:09 Padded Archer Armor
25:38 Castle Age
23:47 Double-Bit Axe
24:59 Scale Mail Armor
25:09 Forging
25:05 Horse Collar
25:17 Gold Mining
25:43 Crossbowman
27:00 Squires
27:14 Stone Mining
28:00 Gold Shaft Mining
28:30 Bow Saw
29:08 Heavy Plow
34:55 Imperial Age
33:09 Thumb Ring
33:29 Ballistics
34:33 Wheelbarrow
35:17 Arbalester
37:05 Chemistry
37:21 Iron Casting
37:10 Bodkin Arrow
37:32 Leather Archer Armor
38:17 Conscription
38:42 Chain Mail Armor
38:40 Elite Skirmisher
41:04 Two-Man Saw
40:42 Stone Shaft Mining
40:40 Bracer
41:11 Ring Archer Armor
41:59 Hand Cart
41:22 Halberdier
42:06 Murder Holes
44:12 Scale Barding Armor
45:08 Blast Furnace
45:47 Husbandry
Ken
11:32 Feudal Age
15:29 Castle Age
13:51 Double-Bit Axe
16:32 Bow Saw
19:44 Loom
23:10 Husbandry
24:15 Scale Barding Armor
26:43 Forging
27:38 Wheelbarrow
30:44 Gold Mining
34:14 Imperial Age
32:28 Chain Barding Armor
32:44 Iron Casting
34:28 Cavalier
35:45 Plate Barding Armor
35:46 Iron Casting
42:54 Gold Shaft Mining
43:39 Hand Cart
46:01 Blast Furnace
47:57 Chemistry
46:53 Murder Holes
47:18 Ballistics
49:38 Squires
48:59 Pikeman
49:24 Arson
Connection lost

Rejoining the realm…

Still unreachable

The connection could not be restored.

Session expired

The server has moved on; the page needs a fresh start.